 Dungeon Crawl Stone Soup version 0.31-a0-986-g5e6e4ef867 (webtiles) character file.

Game seed: 302410620134540631

82 DocClef the Ruffian (level 4, -4/42 HPs)
             Began as a Troll Shapeshifter on Nov 6, 2023.
             Slain by a phantom (7 damage)
             ... on level 3 of the Dungeon.
             The game lasted 00:02:47 (1607 turns).

DocClef the Ruffian (Troll Shapeshifter)            Turns: 1607, Time: 00:02:48

Health: -4/42      AC:  4    Str: 24    XL:     4   Next: 21%
Magic:  3/3        EV:  9    Int:  6    God:
Gold:   103        SH:  0    Dex:  9    Spells: 3/3 levels left

rFire   . .          .
                       - Unarmed
rCold   . . .        (no shield)
rNeg    . . .        a - +0 animal skin
rPois   .            (helmet currently unavailable)
rElec   .            (cloak currently unavailable)
rCorr   +            (gloves unavailable)
SInv    +            (boots unavailable)
Will    .....        (no amulet)
Stlth   +            g - ring of resist corrosion
HPRegen 1.07/turn    m - ring of see invisible
MPRegen 0.08/turn

%: no passive effects
@: beast-form
A: beast (slay +2), large, unfitting armour, claws 3, regeneration 1, shaggy fur
1, tough skin 1
a: Begin Untransformation


You were on level 3 of the Dungeon.
You were a hulking beast.
You visited 1 branch of the dungeon, and saw 3 of its levels.

You collected 103 gold pieces.

Inventory:

Armour
 a - a +0 animal skin (worn)
Jewellery
 g - a ring of resist corrosion (left claw)
 m - a ring of see invisible (right claw)
Talismans
 c - a beast talisman
 d - a flux talisman
Scrolls
 e - 2 scrolls of noise {unknown}
 f - a scroll of torment {unknown}
 h - 3 scrolls of identify {unknown}
 i - 2 scrolls of teleportation {unknown}
 k - a scroll of immolation {unknown}
 n - a scroll of poison {unknown}
Potions
 b - a potion of lignification
 j - a potion of brilliance {unknown}
 l - a potion of haste {unknown}
 o - a potion of curing {unknown}


   Skills:
 + Level 2.0 Fighting
 - Level 1.5 Dodging
 + Level 3.7 Unarmed Combat
 + Level 3.6 Shapeshifting


You had 3 spell levels left.
You didn't know any spells.
Your spell library contained the following spells:

 Spells                   Type           Power      Damage    Failure   Level
 Foxfire                  Conj/Fire      0%         2x1d4     45%         1
 Plasma Beam              Fire/Air       0%         2x1d10    100%        6
 Starburst                Conj/Fire      0%         6d3       100%        6


Dungeon Overview and Level Annotations

Branches:
Dungeon (3/15)

Altars:
Trog

Shops:
D:1 *   D:2 [   D:3 [!:


Innate Abilities, Weirdness & Mutations

You are a hulking beast.
Your limbs bulge with bestial killing power. (Slay +2)
You are too large for most types of armour.
You have claws for hands.
Your natural rate of healing is unusually fast.
You are covered in fur. (AC +1)
You have tough skin. (AC +1)


Message History

A goblin comes into view. It is wielding a +0 club.
The orc priest shouts!
You scratch the phantom.
The phantom is lightly damaged.
You hear a shout! x2
The orc throws a boomerang.
The boomerang hits you.
The orc wizard mumbles some strange words.
The orc wizard flickers and vanishes for a moment.
An orc comes into view. It is wielding a +0 short sword.
The orc wizard gestures at you while chanting.
The magic dart hits you!
An orc wizard comes into view. It is wielding a +0 dagger.
The phantom hits you.
The phantom blinks!
You blink.
An orc comes into view. It is wielding a +0 short sword.
The orc moves out of view.
The orc shouts!
The orc wizard casts a spell at you.
You are confused.
The orc hits you but does no damage. The phantom hits you.
The phantom blinks!
You blink.
The orc attacks as it pursues you! The orc hits you but does no damage.
The orc wizard casts a spell at you. The magic dart hits you.
The orc attacks as it pursues you! The orc closely misses you.
You see here 10 gold pieces.
The orc attacks as it pursues you! The orc barely misses you.
You closely miss the phantom.
The phantom is lightly damaged.
The phantom hits you.
The phantom blinks!
You blink.
You feel less confused. The phantom hits you.
* * * LOW HITPOINT WARNING * * *
The orc barely misses you. The orc attacks as it pursues you!
The orc closely misses you.
The orc priest invokes the aid of Beogh against you.
Beogh smites you!
* * * LOW HITPOINT WARNING * * *
Found 13 gold pieces.
The phantom attacks as it pursues you! The phantom hits you!
You die...

####.....o#..#.#
..........#...#.###
######...o$og#....#
#.....o.o.###.
#.$...#oo...### ##
#....oo..#.#.#
..#####......#o.#.##
$#
.......#......#.W##..#
.#...#...#.!....h..#
..#.#..###.#...#.###
...∩...# ######...
..#.#..# #....
.#.†.#.# #####.
.......# .. .##.####
.. .....## .. ####..#


You could see a phantom, an orc wizard (invisible), 6 orcs and a goblin.

Vanquished Creatures
  2 adders (D:2)
  An adder skeleton (D:2)
  2 adder zombies (D:2)
  3 worms
  A dart slug (D:1)
  4 ball pythons
  7 bats
  An endoplasm (D:2)
  3 giant cockroaches (D:1)
  3 hobgoblins
  4 jackals (D:1)
  2 quokkas
  A ball python skeleton (D:2)
  A frilled lizard (D:1)
  3 kobolds
  A quokka skeleton (D:2)
  A quokka zombie (D:2)
  4 rats
44 creatures vanquished.

Notes
Turn   | Place    | Note
-------+----------+-------------------------------------------
     0 | D:1      | DocClef the Troll Shapeshifter began the quest for the Orb.
     0 | D:1      | Reached XP level 1. HP: 18/18 MP: 0/0
    72 | D:1      | Reached skill level 1 in Fighting
   153 | D:1      | Reached XP level 2. HP: 27/27 MP: 1/1
   201 | D:1      | Found a faded altar of an unknown god.
   705 | D:1      | Found Erhetila's General Store.
   837 | D:2      | Found Toss's Antique Armour Boutique.
   879 | D:2      | Reached XP level 3. HP: 33/33 MP: 2/2
  1296 | D:2      | Reached XP level 4. HP: 39/42 MP: 3/3
  1391 | D:2      | Found a bloodstained altar of Trog.
  1545 | D:3      | Found Cekoumot's Book Shoppe.
  1561 | D:3      | Found Baurrorph's Distillery.
  1575 | D:3      | Found Jugrowk's Antique Armour Shoppe.
  1589 | D:3      | Noticed a phantom
  1605 | D:3      | HP: 1/42 [orc priest/divine providence (14)]
  1607 | D:3      | Slain by a phantom

Illustrated notes

Levels and vault maps discovered:
D:1:      eino_arrival_cavern_b, layout_loops_ring,
          dreamdust_ecumenical_altar_statues, serial_shops, shop,
          amethyst_killhole, minmay_hedge_maze
D:2:      layout_basic, serial_undead, serial_undead_a, serial_undead_e,
          serial_undead_b, serial_undead_d, serial_undead_e, serial_undead_e,
          serial_undead_e, serial_undead_b, serial_shops, shop, basic_altar
D:3:      layout_basic, serial_shops, nicolae_shop_advertising_works
          [nicolae_subvault_shop_adworks], nicolae_shop_stone, shop, shop,
          minmay_increasing_density

Skill      XL: |  1  2  3 |
---------------+----------+-----
Fighting       | 1 2 |  2.0
Dodging        | |  1.5
Unarmed Combat | |  3.7
Shapeshifting  | |  3.6

Action                     |  1- 3 |  4- 6 || total
---------------------------+-------+-------++-------
  Melee: Unarmed           |    98 |    13 ||   111
         Punch             |     1 |       ||     1
 Armour: Animal skin       |    69 |    17 ||    86
  Dodge: Dodged            |    45 |     9 ||    54

Table legend: (Time is in decaauts)
 A = Elapsed time spent in this place.
 B = Non-inter-level travel time spent in this place.
 C = Inter-level travel time spent in this place.
 D = Time resting spent in this place.
 E = Time spent auto-exploring this place.
 F = Levels seen in this place.
 G = Mean time per level.
                   A        B        C        D        E       F      G
               +--------+--------+--------+--------+--------+-----+--------+
         Total |   1599 |   1543 |     56 |      0 |   1273 |   3 |  533.0 |
       Dungeon |   1599 |   1543 |     56 |      0 |   1273 |   3 |  533.0 |
               +--------+--------+--------+--------+--------+-----+--------+

Top non-repeatable levels by time:
     D:1: 833 daAuts
     D:2: 648 daAuts
     D:3: 117 daAuts
